3A
KINGSTON MANGOS @ YUCCA VALLEY YELLOWS
08/01/2042
 
TOP OF THE 1ST
Kingston Mangos batting - Pitching for Yucca Valley Yellows : LHP Steve Walden
Pitching: LHP Steve Walden
Batting: RHB Bob Byrd 0-0: SINGLE (Line Drive, 7S, EV 89.4 MPH)
Batting: RHB Harald Tijl 0-0: Ball
1-0: Ball
2-0: Fly out, F4 (Popup, 4D, EV 65.6 MPH)
Batting: RHB Jorge Miralles 0-0: Ball
1-0: Called Strike
1-1: Foul Ball, location: 2F
1-2: Ball
2-2: Ground out 5-3 (Groundball, 56S, EV 63.1 MPH)
Bob Byrd to second
Batting: RHB Banu Judham 0-0: Ball
1-0: Ball
2-0: Swinging Strike
2-1: Ball
3-1: Base on Balls
Batting: RHB Vaclav Steur 0-0: Ball
1-0: Foul Ball, location: 2F
1-1: Ball
2-1: Called Strike
2-2: Foul Ball, location: 2F
2-2: Strikes out swinging
Top of the 1st over - 0 runs, 1 hit, 0 errors, 2 left on base; Kingston 0 - Yucca Valley 0
BOTTOM OF THE 1ST
Yucca Valley Yellows batting - Pitching for Kingston Mangos : RHP Coyote Peterson
Pitching: RHP Coyote Peterson
Batting: RHB Claudio Corona 0-0: Ball
1-0: Ball
2-0: Ball
3-0: Base on Balls
Batting: RHB Jochen Nelis 0-0: Ball
1-0: Foul Ball, location: 2F
1-1: Ball
2-1: Grounds into double play, 6-4-3 (Groundball, 6, EV 90.0 MPH)
Batting: LHB Reginald James 0-0: Ball
1-0: Ball
2-0: Ball
3-0: Called Strike
3-1: Ground out 6-3 (Groundball, 6D, EV 96.2 MPH)
Bottom of the 1st over - 0 runs, 0 hits, 0 errors, 0 left on base; Kingston 0 - Yucca Valley 0
TOP OF THE 2ND
Kingston Mangos batting - Pitching for Yucca Valley Yellows : LHP Steve Walden
Batting: LHB Jose Asuncion 0-0: Called Strike
0-1: Fly out, F5 (Popup, 5F, EV 64.4 MPH)
Batting: LHB Rodger Parsons 0-0: Ball
1-0: Foul Ball, location: 2F
1-1: Ball
2-1: Ball
3-1: Fly out, F9 (Flyball, 9S, EV 88.1 MPH)
Batting: RHB Francisco Alicea 0-0: Ball
1-0: Ball
2-0: Called Strike
2-1: Ball
3-1: Base on Balls
Batting: LHB Dong-min Ch'oe 0-0: Ball
1-0: Called Strike
1-1: Foul Ball, location: 2F
1-2: Strikes out looking
Top of the 2nd over - 0 runs, 0 hits, 0 errors, 1 left on base; Kingston 0 - Yucca Valley 0
BOTTOM OF THE 2ND
Yucca Valley Yellows batting - Pitching for Kingston Mangos : RHP Coyote Peterson
Batting: LHB Elijah Scott 0-0: Ball
1-0: Ball
2-0: Called Strike
2-1: Foul Ball, location: 2F
2-2: Strikes out swinging
Batting: RHB John Gaudet 0-0: Called Strike
0-1: SOLO HOME RUN (Flyball, 89XD, EV 88.8 MPH), Distance : 437 ft
Batting: RHB Jason Wilson 0-0: Fly out, F7 (Flyball, 7LSF, EV 92.5 MPH)
Batting: LHB Dan Knight 0-0: Foul Ball, location: 2F
0-1: Called Strike
0-2: Ball
1-2: Strikes out swinging
Bottom of the 2nd over - 1 run, 1 hit, 0 errors, 0 left on base; Kingston 0 - Yucca Valley 1
TOP OF THE 3RD
Kingston Mangos batting - Pitching for Yucca Valley Yellows : LHP Steve Walden
Batting: RHB Bob Byrd 0-0: Ground out 4-3 (Groundball, 34, EV 80.6 MPH)
Batting: RHB Harald Tijl 0-0: Swinging Strike
0-1: SINGLE (Line Drive, 56, EV 105.0 MPH)
Batting: RHB Jorge Miralles 0-0: Ball
1-0: Ball
2-0: DOUBLE (Line Drive, 78D, EV 105.6 MPH)
Harald Tijl to third
Batting: RHB Banu Judham 0-0: Foul Ball, location: 2F
0-1: Ball
1-1: Swinging Strike
1-2: Ball
2-2: Foul Ball, location: 2F
2-2: Foul Ball, location: 2F
2-2: Ball
3-2: Base on Balls
Batting: RHB Vaclav Steur 0-0: Called Strike
0-1: Ball
1-1: Fly out, F9 (Line Drive, 89M, EV 102.5 MPH)
Runner from 3rd tags up, SCORES, throw by RF
Batting: LHB Jose Asuncion 0-0: Called Strike
0-1: Ball
1-1: Ball
2-1: DOUBLE (Groundball, 3L, EV 93.8 MPH)
Jorge Miralles scores
Banu Judham to third
Batting: LHB Rodger Parsons 0-0: Called Strike
0-1: Swinging Strike
0-2: 3-RUN HOME RUN (Flyball, 89XD, EV 106.2 MPH), Distance : 438 ft
Pitching: RHP Steve Denton
Batting: RHB Francisco Alicea 0-0: Called Strike
0-1: Ball
1-1: Foul Ball, location: 2F
1-2: Foul Ball, location: 2F
1-2: Foul Ball, location: 2F
1-2: Strikes out looking
Top of the 3rd over - 5 runs, 4 hits, 0 errors, 0 left on base; Kingston 5 - Yucca Valley 1
BOTTOM OF THE 3RD
Yucca Valley Yellows batting - Pitching for Kingston Mangos : RHP Coyote Peterson
Batting: RHB Alfonso Ramos 0-0: Ball
1-0: Foul Ball, location: 2F
1-1: Foul Ball, location: 2F
1-2: Strikes out swinging
Batting: RHB Dave Reynolds 0-0: Ball
1-0: Ball
2-0: Called Strike
2-1: Foul Ball, location: 2F
2-2: Foul Ball, location: 2F
2-2: Ball
3-2: Foul Ball, location: 2F
3-2: Base on Balls
Batting: RHB Claudio Corona 0-0: Called Strike
0-1: Ball
1-1: Ball
2-1: Ball
3-1: SINGLE (Groundball, 34D, EV 100.0 MPH)
Dave Reynolds to second
Runner from 2nd tries for 3rd, SAFE, throw by RF made to third
Batting: RHB Jochen Nelis 0-0: Ball
1-0: Ball
2-0: Called Strike
2-1: Ball
3-1: Grounds into double play, 4-6-3 (Groundball, 4, EV 109.4 MPH)
Bottom of the 3rd over - 0 runs, 1 hit, 0 errors, 1 left on base; Kingston 5 - Yucca Valley 1
TOP OF THE 4TH
Kingston Mangos batting - Pitching for Yucca Valley Yellows : RHP Steve Denton
Batting: LHB Dong-min Ch'oe 0-0: Called Strike
0-1: Foul Ball, location: 2F
0-2: Ball
1-2: Hit by Pitch
Batting: RHB Bob Byrd 0-0: Called Strike
0-1: Ball
1-1: Swinging Strike
1-2: Strikes out swinging
Batting: RHB Harald Tijl 0-0: Ball
1-0: Called Strike
1-1: Ball
2-1: Foul Ball, location: 2F
2-2: Strikes out swinging
Batting: RHB Jorge Miralles 0-0: Ball
1-0: Called Strike
1-1: Called Strike
1-2: Ground out 6-3 (Groundball, 4MS, EV 85.0 MPH)
Top of the 4th over - 0 runs, 0 hits, 0 errors, 1 left on base; Kingston 5 - Yucca Valley 1
BOTTOM OF THE 4TH
Yucca Valley Yellows batting - Pitching for Kingston Mangos : RHP Coyote Peterson
Batting: LHB Reginald James 0-0: Ball
1-0: Ball
2-0: Called Strike
2-1: Swinging Strike
2-2: Ground out 6-3 (Groundball, 6M, EV 108.1 MPH)
Batting: LHB Elijah Scott 0-0: Called Strike
0-1: DOUBLE (Line Drive, 89D, EV 106.2 MPH)
Batting: RHB John Gaudet 0-0: Ball
1-0: Swinging Strike
1-1: Ball
2-1: TRIPLE (Flyball, 78XD, EV 91.2 MPH)
Elijah Scott scores
Batting: RHB Jason Wilson 0-0: Ground out 6-3 (Groundball, 6, EV 86.9 MPH)
John Gaudet scores
Batting: LHB Dan Knight 0-0: Foul Ball, location: 2F
0-1: Ball
1-1: Foul Ball, location: 2F
1-2: Ball
2-2: Foul Ball, location: 2F
2-2: Foul Ball, location: 2F
2-2: Foul Ball, location: 2F
2-2: SINGLE (Groundball, 34D, EV 98.8 MPH)
Batting: RHB Alfonso Ramos 0-0: Ball
1-0: Swinging Strike
1-1: Swinging Strike
1-2: Foul Ball, location: 2F
1-2: Foul Ball, location: 2F
1-2: Foul Ball, location: 2F
1-2: Foul Ball, location: 2F
1-2: Reached on error, E4 (Flyball, 34D, EV 89.4 MPH)
Dan Knight to second
Batting: RHB Dave Reynolds 0-0: Called Strike
0-1: Ball
1-1: Ball
2-1: Called Strike
2-2: Ball
3-2: Base on Balls
Dan Knight to third
Alfonso Ramos to second
Batting: RHB Claudio Corona 0-0: Ball
1-0: Ball
2-0: Foul Ball, location: 2F
2-1: Ground out 4-3 (Groundball, 4, EV 87.5 MPH)
Bottom of the 4th over - 2 runs, 3 hits, 1 error, 3 left on base; Kingston 5 - Yucca Valley 3
TOP OF THE 5TH
Kingston Mangos batting - Pitching for Yucca Valley Yellows : RHP Steve Denton
Batting: RHB Banu Judham 0-0: Ball
1-0: Swinging Strike
1-1: Ball
2-1: Ball
3-1: Called Strike
3-2: Reached on error, E7 (Flyball, 7D, EV 102.5 MPH)
Batting: RHB Vaclav Steur 0-0: SINGLE (Groundball, 56D, EV 105.6 MPH)
Banu Judham to third
Batting: LHB Jose Asuncion 0-0: Swinging Strike
0-1: Ball
1-1: Fly out, F9 (Flyball, 9LD, EV 95.0 MPH)
Runner from 3rd tags up, SCORES, throw by RF
Batting: LHB Rodger Parsons 0-0: Ball
1-0: Foul Ball, location: 2F
1-1: Swinging Strike
1-2: Foul Ball, location: 2F
1-2: Ball
2-2: Strikes out swinging
Pitching: LHP Pat Pierce
Batting: RHB Francisco Alicea 0-0: Ball
1-0: Ball
2-0: Ball
3-0: Called Strike
3-1: Base on Balls
Vaclav Steur to second
Batting: LHB Dong-min Ch'oe 0-0: Called Strike
0-1: Ball
1-1: Ball
2-1: Swinging Strike
2-2: Fly out, F3 (Popup, 3S, EV 71.9 MPH)
Top of the 5th over - 1 run, 1 hit, 1 error, 2 left on base; Kingston 6 - Yucca Valley 3
BOTTOM OF THE 5TH
Yucca Valley Yellows batting - Pitching for Kingston Mangos : RHP Coyote Peterson
Batting: RHB Jochen Nelis 0-0: Ball
1-0: DOUBLE (Line Drive, 7LS, EV 104.4 MPH)
Batting: LHB Reginald James 0-0: Called Strike
0-1: Swinging Strike
0-2: Fly out, F9 (Flyball, 89M, EV 76.9 MPH)
Batting: LHB Elijah Scott 0-0: 2-RUN HOME RUN (Flyball, 9D, EV 94.4 MPH), Distance : 386 ft
Batting: RHB John Gaudet 0-0: Called Strike
0-1: Ball
1-1: Called Strike
1-2: Reached on error, E6 (Groundball, 6, EV 100.0 MPH)
Batting: RHB Jason Wilson 0-0: Ball
1-0: Ball
2-0: Foul Ball, location: 2F
2-1: Called Strike
2-2: Foul Ball, location: 2F
2-2: Foul Ball, location: 2F
2-2: Ball
3-2: Base on Balls
John Gaudet to second
Pitching: LHP José García
Batting: LHB Dan Knight 0-0: Swinging Strike
0-1: Swinging Strike
0-2: Ball
1-2: Strikes out swinging
Batting: RHB Alfonso Ramos 0-0: Foul Ball, location: 2F
0-1: Foul Ball, location: 2F
0-2: Strikes out swinging
Bottom of the 5th over - 2 runs, 2 hits, 1 error, 2 left on base; Kingston 6 - Yucca Valley 5
TOP OF THE 6TH
Kingston Mangos batting - Pitching for Yucca Valley Yellows : LHP Pat Pierce
Batting: RHB Bob Byrd 0-0: Ball
1-0: Foul Ball, location: 2F
1-1: Called Strike
1-2: TRIPLE (Groundball, 5L, EV 100.0 MPH)
Batting: RHB Harald Tijl 0-0: Called Strike
0-1: Foul Ball, location: 2F
0-2: Ball
1-2: Ball
2-2: SINGLE (Groundball, 6M, EV 106.2 MPH) (infield hit)
Bob Byrd scores
Batting: RHB Jorge Miralles 0-0: Called Strike
0-1: Swinging Strike
0-2: Ball
1-2: Ball
2-2: Strikes out swinging
Batting: RHB Banu Judham 0-0: Ball
1-0: Called Strike
1-1: Foul Ball, location: 2F
1-2: Foul Ball, location: 2F
1-2: Fielders Choice at 2nd, 6-4 (Groundball, 6MS, EV 90.6 MPH)
Batting: RHB Vaclav Steur 0-0: Ball
1-0: Ball
2-0: Ball
3-0: Base on Balls
Banu Judham to second
Batting: LHB Jose Asuncion 0-0: Ball
1-0: Called Strike
1-1: Ball
2-1: Swinging Strike
2-2: Ball
3-2: Foul Ball, location: 2F
3-2: Ground out 4-3 (Groundball, 4S, EV 86.2 MPH)
Top of the 6th over - 1 run, 2 hits, 0 errors, 2 left on base; Kingston 7 - Yucca Valley 5
BOTTOM OF THE 6TH
Yucca Valley Yellows batting - Pitching for Kingston Mangos : LHP José García
Batting: RHB Dave Reynolds 0-0: Ball
1-0: Swinging Strike
1-1: Foul Ball, location: 2F
1-2: Ball
2-2: Strikes out swinging
Batting: RHB Claudio Corona 0-0: Called Strike
0-1: Foul Ball, location: 2F
0-2: Strikes out swinging
Batting: RHB Jochen Nelis 0-0: Ball
1-0: Ball
2-0: Called Strike
2-1: Fly out, F8 (Flyball, 89D, EV 93.8 MPH)
Bottom of the 6th over - 0 runs, 0 hits, 0 errors, 0 left on base; Kingston 7 - Yucca Valley 5
TOP OF THE 7TH
Kingston Mangos batting - Pitching for Yucca Valley Yellows : LHP Pat Pierce
Batting: LHB Rodger Parsons 0-0: Ball
1-0: Foul Ball, location: 2F
1-1: Ball
2-1: Ball
3-1: Swinging Strike
3-2: Strikes out swinging
Batting: RHB Francisco Alicea 0-0: Ball
1-0: Reached on error, E5 (Groundball, 5, EV 85.6 MPH)
Pitching: LHP Rick Baker
Batting: LHB Dong-min Ch'oe 0-0: Swinging Strike
0-1: Ball
1-1: Foul Ball, location: 2F
1-2: Strikes out swinging
Batting: RHB Bob Byrd 0-0: Foul Ball, location: 2F
0-1: Ball
1-1: Swinging Strike
1-2: Strikes out swinging
Top of the 7th over - 0 runs, 0 hits, 1 error, 1 left on base; Kingston 7 - Yucca Valley 5
BOTTOM OF THE 7TH
Yucca Valley Yellows batting - Pitching for Kingston Mangos : LHP José García
Now in LF: George Lewis
Batting: LHB Reginald James 0-0: Called Strike
0-1: Ball
1-1: Ball
2-1: SINGLE (Groundball, 4, EV 103.1 MPH) (infield hit)
Batting: LHB Elijah Scott 0-0: Ball
1-0: Called Strike
1-1: Ball
2-1: Ball
3-1: Base on Balls
Reginald James to second
Batting: RHB John Gaudet 0-0: Called Strike
0-1: Foul Ball, location: 2F
0-2: Strikes out swinging
Batting: RHB Jason Wilson 0-0: Ball
1-0: Ball
2-0: Ball
3-0: Base on Balls
Reginald James to third
Elijah Scott to second
Batting: LHB Dan Knight 0-0: Ball
1-0: Hit by Pitch
Reginald James scores
Elijah Scott to third
Jason Wilson to second
Pitching: RHP Jean Mercier
Batting: RHB Alfonso Ramos 0-0: Ball
1-0: Ball
2-0: Ball
3-0: Called Strike
3-1: Base on Balls
Elijah Scott scores
Jason Wilson to third
Dan Knight to second
Batting: RHB Dave Reynolds 0-0: Foul Ball, location: 2F
0-1: Ball
1-1: Grounds into fielders choice 6-2 (Groundball, 6, EV 91.9 MPH)
Dan Knight to third
Alfonso Ramos to second
Batting: RHB Claudio Corona 0-0: Called Strike
0-1: Fly out, F7 (Flyball, 78S, EV 87.5 MPH)
Bottom of the 7th over - 2 runs, 1 hit, 0 errors, 3 left on base; Kingston 7 - Yucca Valley 7
TOP OF THE 8TH
Kingston Mangos batting - Pitching for Yucca Valley Yellows : LHP Rick Baker
Batting: RHB Harald Tijl 0-0: Called Strike
0-1: Ball
1-1: Foul Ball, location: 2F
1-2: Foul Ball, location: 2F
1-2: Foul Ball, location: 2F
1-2: Fly out, F8 (Flyball, 89S, EV 95.0 MPH)
Batting: RHB Jorge Miralles 0-0: Ball
1-0: Foul Ball, location: 2F
1-1: Ground out 5-3 (Groundball, 56, EV 84.4 MPH)
Batting: RHB George Lewis 0-0: Ball
1-0: Foul Ball, location: 2F
1-1: Swinging Strike
1-2: Strikes out swinging
Top of the 8th over - 0 runs, 0 hits, 0 errors, 0 left on base; Kingston 7 - Yucca Valley 7
BOTTOM OF THE 8TH
Yucca Valley Yellows batting - Pitching for Kingston Mangos : RHP Jean Mercier
Batting: RHB Jochen Nelis 0-0: Ball
1-0: SINGLE (Line Drive, 6D, EV 93.8 MPH)
Batting: LHB Reginald James 0-0: Swinging Strike
0-1: Foul Ball, location: 2F
0-2: Ball
1-2: Ball
2-2: Foul Ball, location: 2F
2-2: Ball
3-2: Strikes out swinging
Batting: LHB Elijah Scott 0-0: Ball
1-0: Grounds into double play, 4-6-3 (Groundball, 4, EV 83.8 MPH)
Bottom of the 8th over - 0 runs, 1 hit, 0 errors, 0 left on base; Kingston 7 - Yucca Valley 7
TOP OF THE 9TH
Kingston Mangos batting - Pitching for Yucca Valley Yellows : LHP Rick Baker
Batting: RHB Vaclav Steur 0-0: SINGLE (Line Drive, 8LS, EV 105.0 MPH)
Batting: LHB Jose Asuncion 0-0: Called Strike
0-1: Foul Ball, location: 2F
0-2: Ball
1-2: Ball
2-2: Foul Ball, location: 2F
2-2: Ball
3-2: Strikes out swinging
Batting: LHB Rodger Parsons 0-0: Ball
1-0: Called Strike
1-1: Ball
2-1: Ball
3-1: Swinging Strike
3-2: Strikes out swinging
Batting: RHB Francisco Alicea 0-0: Ball
1-0: Called Strike
1-1: Fielders Choice at 2nd, 5-4 (Groundball, 5, EV 82.5 MPH)
Top of the 9th over - 0 runs, 1 hit, 0 errors, 1 left on base; Kingston 7 - Yucca Valley 7
BOTTOM OF THE 9TH
Yucca Valley Yellows batting - Pitching for Kingston Mangos : RHP Jean Mercier
Pitching: RHP Jonathan Cooper
Batting: RHB John Gaudet 0-0: Ball
1-0: Ball
2-0: Called Strike
2-1: Foul Ball, location: 2F
2-2: Ball
3-2: TRIPLE (Line Drive, 78XD, EV 104.4 MPH)
Pitching: RHP Alfonso Medina
Batting: RHB Jason Wilson 0-0: Ball
1-0: Called Strike
1-1: Ground out 6-3 (Groundball, 6S, EV 91.2 MPH)
Batting: LHB Dan Knight 0-0: Ball
1-0: Squeeze Bunt to 3S - play home, runner OUT, batter safe! 3-2
Batting: RHB Alfonso Ramos 0-0: Called Strike
0-1: Swinging Strike
0-2: Ball
1-2: Fly out, F8 (Flyball, 89M, EV 86.9 MPH)
Bottom of the 9th over - 0 runs, 1 hit, 0 errors, 1 left on base; Kingston 7 - Yucca Valley 7
TOP OF THE 10TH
Kingston Mangos batting - Pitching for Yucca Valley Yellows : LHP Rick Baker
Pitching: RHP Danny Kas
Batting: LHB Dong-min Ch'oe 0-0: Ground out 6-3 (Groundball, 4M, EV 86.9 MPH)
Batting: RHB Bob Byrd 0-0: Ball
1-0: Called Strike
1-1: Foul Ball, location: 2F
1-2: Strikes out looking
Batting: RHB Harald Tijl 0-0: Ground out 6-3 (Groundball, 6, EV 92.5 MPH)
Top of the 10th over - 0 runs, 0 hits, 0 errors, 0 left on base; Kingston 7 - Yucca Valley 7
BOTTOM OF THE 10TH
Yucca Valley Yellows batting - Pitching for Kingston Mangos : RHP Alfonso Medina
Batting: RHB Dave Reynolds 0-0: Called Strike
0-1: Ball
1-1: Foul Ball, location: 2F
1-2: Fly out, F8 (Flyball, 89D, EV 75.0 MPH)
Batting: RHB Claudio Corona 0-0: Ball
1-0: Foul Ball, location: 2F
1-1: Called Strike
1-2: Strikes out swinging
Batting: RHB Jochen Nelis 0-0: SINGLE (Line Drive, 56D, EV 106.9 MPH)
Batting: LHB Reginald James 0-0: Ball
1-0: Called Strike
Jochen Nelis steals 2nd base
1-1: Called Strike
1-2: Ball
2-2: SINGLE (Groundball, 34D, EV 111.9 MPH)
Jochen Nelis to third
Throwing error, E9
Jochen Nelis scores
Friday, March 26th, 2021 - OOTP Baseball 20.8 Build 74